 Dungeon Crawl Stone Soup version 0.26-a0-651-gb41185065b (webtiles) character file.

Game seed: 8193613111217351508

639 slambob the Ruffian (level 7, -3/67 HPs)
             Began as a Troll Monk on Sept 30, 2020.
             Killed from afar by a white imp (11 damage)
             ... with a puff of frost
             ... on level 5 of the Dungeon.
             The game lasted 00:12:29 (3181 turns).

slambob the Ruffian (Troll Monk)                    Turns: 3181, Time: 00:12:30

Health: -3/67      AC:  6    Str: 21    XL:     7   Next: 26%
Magic:  6/6        EV: 11    Int:  6    God:
Gold:   265        SH:  0    Dex: 13    Spells: 6/6 levels left

rFire    . . .     SeeInvis .   t - +0 war axe
rCold    . . .     Faith    .   (no shield)
rNeg     + . .     Spirit   .   a - +0 robe
rPois    .         Reflect  .   (helmet restricted)
rElec    .         Harm     .   (no cloak)
rCorr    .         Rampage  .   (gloves unavailable)
MR       .....                  (boots unavailable)
Stlth    ++........             (no amulet)
HPRegen  0.61/turn              g - ring of positive energy
MPRegen  0.10/turn              (no ring)

@: no status effects
A: large, unfitting armour, claws 3, regeneration 1, shaggy fur 1, tough skin 3
a: no special abilities


You were on level 5 of the Dungeon.
You visited 1 branch of the dungeon, and saw 5 of its levels.

You collected 265 gold pieces.

Inventory:

Hand Weapons
 t - a +0 war axe (weapon)
Armour
 a - a +0 robe (worn)
Jewellery
 g - a ring of positive energy (left claw)
 p - an uncursed amulet of regeneration {unknown}
Wands
 r - a wand of enslavement (2)
 s - a wand of random effects (23)
 u - a wand of paralysis (6)
Scrolls
 d - 4 scrolls of identify
 i - a scroll of blinking {unknown}
 k - a scroll of remove curse {unknown}
 l - 2 scrolls of fear {unknown}
 o - 2 scrolls of amnesia {unknown}
 q - a scroll of noise {unknown}
Potions
 b - 3 potions of flight
 c - 2 potions of heal wounds {unknown}
 e - a potion of lignification {unknown}
 f - 5 potions of curing {unknown}
 h - a potion of ambrosia {unknown}
 j - a potion of degeneration {unknown}
 m - 2 potions of magic {unknown}
 n - a potion of might {unknown}
 v - a potion of resistance
 w - a potion of cancellation {unknown}


   Skills:
 + Level 3.5 Fighting
 + Level 2.0 Axes
 + Level 3.9 Dodging
 + Level 1.6 Stealth
 + Level 5.8 Unarmed Combat


You had 6 spell levels left.
You didn't know any spells.
Your spell library contained the following spells:

 Spells                   Type           Power        Failure   Level
 Corpse Rot               Necr/Air       N/A          58%         2
 Sublimation of Blood     Necr           #.........   58%         2
 Dispel Undead            Necr           #.......     99%         4
 Agony                    Necr           #.......     100%        5
 Excruciating Wounds      Necr           #.........   100%        5


Dungeon Overview and Level Annotations

Branches:
Dungeon (5/15)
 Temple: D:4-7

Altars:
Dithmenos
Qazlal


Innate Abilities, Weirdness & Mutations

You are too large for most types of armour.
You have claws for hands.
Your natural rate of healing is unusually fast.
You are covered in fur. (AC +1)
You have extremely tough skin. (AC +3)


Message History

You closely miss the iguana.
The iguana is almost dead.
The iguana bites you.
You closely miss the iguana.
The iguana is almost dead.
The iguana barely misses you. The iguana bites you!
* * * LOW HITPOINT WARNING * * *
You closely miss the iguana.
The iguana is almost dead.
The iguana bites you.
* * * LOW HITPOINT WARNING * * *
You slash the iguana!
You kill the iguana!
Your Axes skill increases to level 2!
You barely miss the white imp.
The white imp is almost dead.
The white imp hits you but does no damage.
The white imp gestures at you. The puff of frost hits you!
You die...

#............
#..........#
#.#........# ####
#..........# #....
#.##....)..#..
#.....#..............
#......<.............
#.....#.##5##.#....##
#.... #.##@##.####.##
#### #.......# ..
####.#### . ..# ###


You could see a white imp.

Vanquished Creatures
  An ogre (D:5)
  A scorpion (D:4)
  A howler monkey (D:3)
  3 orc priests
  Natasha (twice) (D:2)
  An iguana (D:5)
  4 orc wizards
  Robin (D:4)
  7 adders
  2 oozes
  3 worms
  A dart slug (D:1)
  3 leopard geckos
  12 orcs
  10 bats
  6 giant cockroaches
  18 goblins
  6 hobgoblins
  5 quokkas
  3 ball pythons
  2 frilled lizards
  9 kobolds
  2 leopard gecko skeletons
  7 rats
110 creatures vanquished.

Notes
Turn   | Place    | Note
-------+----------+-------------------------------------------
     0 | D:1      | slambob the Troll Monk began the quest for the Orb.
     0 | D:1      | Reached XP level 1. HP: 22/22 MP: 0/0
   133 | D:1      | Reached XP level 2. HP: 26/29 MP: 1/1
   398 | D:1      | Reached XP level 3. HP: 36/36 MP: 2/2
   900 | D:2      | Noticed Natasha
   918 | D:2      | Killed Natasha
   918 | D:2      | Reached XP level 4. HP: 33/44 MP: 3/3
  1074 | D:2      | Reached skill level 4 in Unarmed Combat
  1138 | D:2      | Noticed Natasha
  1150 | D:2      | Killed Natasha
  1575 | D:3      | Reached XP level 5. HP: 53/53 MP: 4/4
  1737 | D:3      | Reached skill level 5 in Unarmed Combat
  1740 | D:3      | Reached XP level 6. HP: 50/61 MP: 5/5
  2304 | D:3      | Found a shadowy altar of Dithmenos.
  2337 | D:3      | Found a stormy altar of Qazlal.
  2565 | D:4      | Noticed Robin
  2574 | D:4      | Killed Robin
  2692 | D:4      | Reached skill level 1 in Axes
  2692 | D:4      | Reached XP level 7. HP: 57/67 MP: 6/6
  3155 | D:5      | Entered Level 5 of the Dungeon
  3181 | D:5      | Killed from afar by a white imp

Illustrated notes

Levels and vault maps discovered:
D:1:      dpeg_arrival_rooms_with_view, layout_basic
D:2:      layout_basic, uniq_natasha
D:3:      layout_loops_corners, nicolae_overflow_hidden_temple,
          nicolae_qazlal_eye_of_the_storm
D:4:      layout_basic, minmay_increasing_density, uniq_robin
D:5:      layout_loops_cross, minmay_temple_entry_stoned_glass,
          small_statue_intersection, uniq_menkaure, uniq_prince_ribbit1

Skill      XL: |  1  2  3  4  5  6  7 |
---------------+----------------------+-----
Dodging        | 3 |  3.9
Unarmed Combat | 4 5 |  5.8
Fighting       | 3 |  3.5
Axes           | 1 2 |  2.0
Stealth        | |  1.6

Action                   |  1- 3 |  4- 6 |  7- 9 || total
-------------------------+-------+-------+-------++-------
Melee: Unarmed           |    98 |   137 |       ||   235
       Punch             |     1 |     5 |     1 ||     7
       War axe           |       |    34 |    30 ||    64
  Use: Scroll            |       |     1 |       ||     1
       Potion            |       |     1 |       ||     1
 Stab: Sleeping          |     1 |     2 |       ||     3
Armor: Robe              |    50 |    60 |     8 ||   118
Dodge: Dodged            |    46 |    94 |    20 ||   160

Table legend: (Time is in decaauts)
 A = Elapsed time spent in this place.
 B = Non-inter-level travel time spent in this place.
 C = Inter-level travel time spent in this place.
 D = Time resting spent in this place.
 E = Time spent auto-exploring this place.
 F = Levels seen in this place.
 G = Mean time per level.
                   A        B        C        D        E       F      G
               +--------+--------+--------+--------+--------+-----+--------+
         Total |   3198 |   3138 |     60 |    106 |   1904 |   5 |  639.6 |
       Dungeon |   3198 |   3138 |     60 |    106 |   1904 |   5 |  639.6 |
               +--------+--------+--------+--------+--------+-----+--------+

Top non-repeatable levels by time:
     D:3: 1037 daAuts
     D:1: 859 daAuts
     D:4: 787 daAuts
     D:2: 482 daAuts
     D:5: 31 daAuts
